Map: Deathaura LE

Players

liquidthermy (uThermal)

  • Race: Terran Terran
  • Spawn Location: 5:00

Kelazhur - Winner!

  • Race: Terran Terran
  • Spawn Location: 11:00

Event: StayAtHomestory Cup #2

VOD

Have the link to the VOD?

Description

Time

  • Played on: June 11, 2020, 1:17 p.m.
  • Length: 11:07

All games in this series

Show
View Real Time Build Order
Export as new Build Order

liquidthermy Terran 

Build Orders:  

Get SALT Encoding   

  12  0:01  SCV  
  13  0:13  SCV  
  14  0:16  Supply Depot  
  14  0:25  SCV  
  15  0:38  SCV  
  15  0:39  Barracks  
  16  0:42  Refinery  
  16  0:50  SCV  
  17  1:00  Barracks  
  17  1:04  SCV  
  18  1:16  SCV  
  19  1:26  Reaper  
  19  1:28  Orbital Command  
  20  1:33  Supply Depot  
  20  1:50  Reaper  
  22  1:54  SCV  
  22  2:01  Reaper  
  22  2:06  SCV  
  24  2:15  Command Center  
  24  2:18  SCV  
  24  2:22  Reaper  
  26  2:30  SCV, Refinery  
  26  2:40  Reaper  
  26  2:42  SCV  
  28  2:46  Supply Depot  
  28  2:54  SCV  
  28  3:01  Reaper  
  29  3:06  SCV  
  29  3:11  Marine  
  31  3:18  SCV  
  31  3:19  Factory  
  32  3:28  Orbital Command  
  32  3:29  Marine  
  32  3:31  SCV  
  32  3:32  Bunker  
  34  3:42  Barracks Tech Lab  
  34  3:43  SCV  
  34  3:47  Barracks Tech Lab  
  35  3:55  SCV x2  
  37  4:07  SCV x2  
  37  4:08  Marine  
  40  4:13  Cyclone  
  38  4:19  SCV x2  
  38  4:21  Starport, Refinery  
  38  4:23  Marine  
  41  4:24  Command Center  
  41  4:27  Barracks Reactor  
  41  4:31  SCV x2  
  43  4:38  Refinery  
  43  4:41  Marine  
  43  4:43  SCV x2  
  43  4:45  Stimpack  
  46  4:55  SCV x2  
  46  4:58  Marine  
  48  5:04  Marine x2  
  48  5:06  Starport Reactor, Hellion  
  48  5:07  SCV  
  48  5:08  SCV  
  48  5:17  Marauder  
  48  5:19  SCV  
  48  5:20  SCV  
  47  5:22  Marine  
  47  5:23  Marine  
  44  5:32  SCV  
  44  5:34  Raven  
  44  5:35  SCV  
  46  5:38  Marine  
  46  5:40  Marine  
  48  5:44  SCV, Marine  
  48  5:45  Factory Reactor  
  48  5:47  SCV  
  51  5:50  Supply Depot  
  51  5:55  Marine  
  51  5:56  SCV  
  53  5:59  SCV  
  53  6:01  Supply Depot  
  54  6:12  SCV x2, Marine x2  
  54  6:15  Supply Depot  
  54  6:16  Marine  
  59  6:23  Orbital Command  
  59  6:24  SCV x2  
  61  6:28  Medivac x2  
  61  6:29  Marine  
  61  6:30  Marine, Combat Shield  
  67  6:35  Siege Tank, Marine  
  67  6:36  SCV  
  67  6:38  SCV  
  71  6:40  Orbital Command  
  71  6:46  Barracks  
  71  6:47  Marine  
  71  6:48  SCV  
  71  6:50  SCV, Marine  
  75  6:54  Marine  
  75  6:58  Engineering Bay x2, Medivac  
  75  7:00  SCV  
  79  7:02  SCV  
  79  7:05  SCV  
  79  7:07  Marine  
  82  7:09  Siege Tank  
  82  7:12  SCV, Supply Depot  
  82  7:14  SCV  
  87  7:16  Marine x2  
  87  7:17  SCV, Medivac  
  92  7:24  SCV  
  92  7:26  Sensor Tower  
  92  7:27  Terran Infantry Weapons Level 1  
  92  7:28  Terran Infantry Armor Level 1  
  93  7:32  Supply Depot  
  93  7:33  Marine  
  93  7:34  SCV x2, Marine  
  93  7:35  Barracks Reactor  
  93  7:36  SCV  
  98  7:41  Siege Tank  
  101  7:45  Marine  
  101  7:46  SCV  
  101  7:47  SCV  
  101  7:48  Supply Depot  
  101  7:49  SCV  
  100  7:51  Marine  
  100  7:52  Marine  
  100  7:53  Medivac  
  100  7:59  SCV  
  100  8:03  SCV, Marine  
  95  8:09  Marine  
  95  8:10  Marine  
  95  8:11  SCV  
  89  8:13  SCV, Marine x2  
  89  8:17  SCV  
  89  8:18  Armory  
  89  8:19  Siege Tank  
  93  8:21  Marine  
  93  8:23  SCV  
  95  8:27  SCV, Marine  
  95  8:28  Marine  
  95  8:29  SCV  
  95  8:30  Barracks  
  95  8:31  Marine x2  
  95  8:32  Barracks  
  100  8:34  Refinery  
  100  8:38  SCV  
  100  8:40  Missile Turret, Marine  
  102  8:41  Missile Turret  
  102  8:45  Marine  
  103  8:49  SCV  
  103  8:51  Marine x2  
  103  8:52  Missile Turret  
  103  8:53  Missile Turret  
  109  8:55  Siege Tank  
  109  8:57  Marine  
  109  9:00  Marine  
  111  9:08  Marine  
  111  9:09  Marine  
  113  9:10  Medivac x2  
  113  9:16  Marine  
  107  9:17  Marine  
  107  9:18  Marine x2  
  107  9:22  Marine  
  90  9:25  Marine  
  90  9:27  Siege Tank, Marine  
  92  9:34  Marine  
  92  9:35  Marine x2  
  92  9:36  Marine  
  95  9:39  Marine  
  95  9:40  Medivac  
  95  9:43  Marine  
  95  9:45  Marine  
  85  9:52  Marine  
  70  10:00  Marine  
  70  10:05  Marine  
  69  10:09  Marine  
  70  10:15  Marine  
  70  10:16  Marine  
  67  10:30  Marine  
  67  10:35  SCV  
  67  10:37  Marine  
  63  10:47  SCV  
Show
View Real Time Build Order
Export as new Build Order

Kelazhur Terran - Winner!

Build Orders:  

Get SALT Encoding   

  12  0:00  SCV  
  13  0:13  SCV  
  14  0:17  Supply Depot  
  14  0:25  SCV  
  15  0:38  SCV  
  15  0:40  Barracks  
  16  0:42  Refinery  
  16  0:50  SCV  
  17  0:59  Barracks  
  17  1:02  SCV  
  18  1:14  SCV  
  19  1:27  Orbital Command, Reaper  
  20  1:32  Supply Depot  
  20  1:46  Reaper  
  21  1:53  SCV  
  22  1:59  Refinery  
  22  2:01  Reaper  
  22  2:05  SCV  
  24  2:17  SCV  
  24  2:20  Reaper  
  26  2:31  SCV  
  26  2:35  Reaper  
  28  2:42  Command Center  
  28  2:43  SCV  
  29  2:44  Supply Depot  
  29  2:52  Reaper  
  29  2:55  SCV  
  30  3:08  SCV  
  30  3:10  Factory  
  31  3:15  Reaper  
  32  3:20  SCV  
  32  3:22  Refinery  
  32  3:26  Reaper  
  34  3:32  SCV  
  34  3:33  Command Center  
  35  3:44  SCV  
  36  3:54  Orbital Command  
  36  3:55  Hellion, Reaper  
  39  3:58  SCV, Reaper  
  39  4:11  SCV  
  38  4:18  Hellion  
  38  4:19  SCV  
  38  4:22  Starport  
  38  4:23  SCV  
  42  4:27  Reaper  
  42  4:30  Refinery  
  42  4:31  SCV  
  44  4:35  SCV  
  45  4:41  Factory Reactor  
  45  4:43  SCV  
  46  4:46  Barracks Tech Lab  
  46  4:47  SCV  
  47  4:55  SCV  
  46  5:01  SCV  
  48  5:08  Marine, Orbital Command, Stimpack  
  48  5:10  SCV  
  49  5:14  SCV  
  49  5:16  Starport Tech Lab  
  49  5:22  SCV  
  49  5:26  SCV  
  51  5:34  SCV, Engineering Bay, Marine  
  51  5:35  Engineering Bay  
  49  5:36  Raven  
  49  5:37  SCV  
  49  5:39  SCV  
  49  5:45  Marine x2  
  49  5:46  SCV  
  49  5:48  Factory Tech Lab  
  49  5:49  Barracks x2, SCV  
  53  5:50  Barracks  
  53  5:51  SCV, Marine  
  53  5:56  Supply Depot  
  55  5:58  SCV  
  55  6:00  Terran Infantry Weapons Level 1  
  55  6:01  Terran Infantry Armor Level 1  
  55  6:02  SCV  
  55  6:03  SCV, Factory Reactor, Marine  
  55  6:04  Marine, Orbital Command  
  60  6:09  Marine  
  60  6:10  SCV  
  60  6:11  Supply Depot  
  62  6:23  Marine x2  
  62  6:25  SCV x2, Supply Depot  
  66  6:27  Marine  
  66  6:28  Supply Depot  
  67  6:33  SCV  
  67  6:37  SCV  
  67  6:39  Barracks Reactor  
  69  6:40  Barracks Reactor  
  69  6:41  Barracks Reactor  
  69  6:42  SCV, Marine x2  
  69  6:45  SCV, Marine  
  74  6:47  Medivac x2  
  81  6:54  Siege Tank  
  81  6:55  SCV x2, Refinery  
  81  6:56  Refinery  
  81  7:00  SCV, Marine x2  
  86  7:03  Marine  
  86  7:05  Supply Depot  
  86  7:07  SCV x2  
  89  7:09  Supply Depot  
  89  7:10  Armory  
  89  7:13  Sensor Tower  
  89  7:14  SCV  
  90  7:18  Marine x2  
  90  7:20  Marine  
  93  7:25  Marine, Medivac x2  
  93  7:26  Siege Tank  
  93  7:29  Marine  
  100  7:33  Marine  
  100  7:34  Marine  
  100  7:36  Marine x2  
  104  7:40  Marine  
  104  7:41  Marine x2  
  104  7:42  SCV  
  104  7:43  Marine  
  105  7:47  Marine  
  98  7:54  Marine x4  
  100  7:58  Marine  
  100  7:59  Marine, Terran Infantry Weapons Level 2, Medivac x2  
  100  8:03  SCV  
  103  8:07  Marine x2  
  103  8:08  SCV  
  103  8:11  SCV  
  105  8:17  Marine  
  105  8:19  Marine x2  
  105  8:20  Barracks Tech Lab  
  105  8:21  SCV  
  105  8:28  Marine  
  105  8:29  Marine x4  
  105  8:32  Medivac  
  112  8:35  SCV, Marine  
  112  8:36  SCV  
  112  8:37  Marine  
  112  8:40  SCV  
  117  8:43  Terran Infantry Armor Level 2  
  117  8:51  Marine x2  
  117  8:52  SCV x2  
  117  8:53  Supply Depot  
  117  8:55  Combat Shield, Supply Depot  
  121  9:00  Siege Tank  
  121  9:01  Marine  
  125  9:12  SCV x2, Marine  
  119  9:17  Marine x5  
  119  9:22  SCV, Marine  
  119  9:23  Marine  
  118  9:27  Marine  
  118  9:28  SCV  
  118  9:29  Medivac x2  
  118  9:30  Marine  
  121  9:32  Siege Tank  
  121  9:35  Marine x2  
  121  9:37  Marine x3  
  112  9:40  Marine x2  
  112  9:42  Orbital Command  
  112  9:45  Marine  
  101  9:48  Marine  
  101  9:49  SCV x2  
  101  9:52  Marine  
  90  9:53  Marine  
  90  9:55  Marine  
  90  9:57  Marine  
  90  9:58  Marine x2  
  94  10:01  SCV  
  94  10:06  Marine x2  
  93  10:10  Marine  
  93  10:13  Marine  
  95  10:17  Marine  
  95  10:19  SCV x2  
  95  10:20  Orbital Command  
  98  10:21  Marine  
  98  10:22  Marine  
  98  10:27  Marine x3  
  103  10:31  SCV  
  104  10:40  Marine x4  
  104  10:42  SCV  
  109  10:44  SCV  
  109  10:48  Marine  
  111  10:54  SCV  
Tags
 
Add a new tag
Caveats
  • Supply blocks, unpowered buildings, or Contaminate may cause inaccurate times.
  • Supply counts are checked every 10 seconds.